 Dungeon Crawl Stone Soup version 0.31-a0-263-ge8cad7f256 (webtiles) character file.

Game seed: 9437970536890016668

77 promet the Sneak (level 4, -1/38 HPs)
             Began as a Gnoll Brigand on July 13, 2023.
             Slain by Crazy Yiuf
             ... wielding a +3 quarterstaff of chaos
              (4 damage)
             ... on level 2 of the Dungeon.
             The game lasted 00:08:08 (2656 turns).

promet the Sneak (Gnoll Brigand)                    Turns: 2656, Time: 00:08:08

Health: -1/38      AC:  3    Str: 11    XL:     4   Next: 34%
Magic:  5/5        EV: 13    Int: 10    God:
Gold:   84         SH:  0    Dex: 15    Spells: 5/5 levels left

rFire   . . .        a - +2 dagger
rCold   . . .        (no shield)
rNeg    . . .        o - +0 robe
rPois   .            (no helmet)
rElec   .            c - +0 cloak
rCorr   +            (no gloves)
SInv    .            (no boots)
Will    .....        f - amulet of regeneration
Stlth   ++++         j - ring of resist corrosion
HPRegen 1.06/turn    (no ring)
MPRegen 0.09/turn

%: no passive effects
@: no status effects
A: fangs 1, strong nose, distributed training
a: no special abilities


You were on level 2 of the Dungeon.
You visited 1 branch of the dungeon, and saw 2 of its levels.

You collected 84 gold pieces.

Inventory:

Hand Weapons
 a - a +2 dagger (weapon)
 b - a +0 war axe
Missiles
 d - 9 poisoned darts
 e - 3 curare-tipped darts
 i - 17 stones (quivered)
 m - a throwing net
Armour
 c - a +0 cloak (worn)
 o - a +0 robe (worn)
Magical Staves
 h - a staff of poison
Jewellery
 f - an amulet of regeneration (around neck)
 j - a ring of resist corrosion (left hand)
Potions
 g - a potion of berserk rage {unknown}
 k - a potion of attraction {unknown}
 n - a potion of lignification {unknown}


   Skills:
 + Level 4.6 Fighting
 + Level 4.6 Short Blades
 + Level 1.1 Long Blades
 + Level 1.1 Axes
 + Level 1.1 Maces & Flails
 + Level 1.1 Polearms
 + Level 1.1 Staves
 + Level 1.1 Ranged Weapons
 + Level 4.6 Throwing
 + Level 1.1 Armour
 + Level 2.7 Dodging
 + Level 7.8 Stealth
 + Level 1.1 Shields
 + Level 1.1 Unarmed Combat
 + Level 1.1 Spellcasting
 + Level 0.9 Conjurations
 + Level 0.9 Hexes
 + Level 0.9 Summonings
 + Level 0.9 Necromancy
 + Level 0.9 Translocations
 + Level 0.9 Transmutations
 + Level 0.9 Fire Magic
 + Level 0.9 Ice Magic
 + Level 0.9 Air Magic
 + Level 0.9 Earth Magic
 + Level 0.9 Poison Magic
 + Level 1.2 Invocations
 + Level 1.1 Evocations
 + Level 0.9 Shapeshifting


You had 5 spell levels left.
You didn't know any spells.
Your spell library was empty.

Dungeon Overview and Level Annotations

Branches:
Dungeon (2/15)

Altars:

Shops:
D:2 :

Annotations:
D:2 Crazy Yiuf


Innate Abilities, Weirdness & Mutations

You have very sharp teeth.
Your uncanny sense of smell can sniff out nearby items.
Your experience applies equally to all skills.


Message History

You hit the giant cockroach. You bite the giant cockroach.
You kill the giant cockroach!
You hit the hobgoblin. You bite the hobgoblin.
The hobgoblin is heavily wounded.
You closely miss the hobgoblin.
The hobgoblin is heavily wounded.
The hobgoblin closely misses you.
You hit the hobgoblin.
You kill the hobgoblin!
No target in view!
You see here a hobgoblin corpse.
There is an entrance to Visaku's Vocational Training here.
There is an open door here.
There is an open door here.
You now have 84 gold pieces (gained 7).
There is an open door here.
There is an open door here.
Found a whip.
Found four hammers.
Found a runed translucent door.
Found a hammer.
You see here a +0 hammer.
You see here a +0 hammer.
You open the door.
Okay, then.
As you read the scroll labelled BEH YNOSAEP, it dissolves into smoke.
It was a scroll of fog.
There is an open translucent door here.
Crazy Yiuf shouts!
You hit Crazy Yiuf but do no damage. Crazy Yiuf closely misses you.
You hit Crazy Yiuf but do no damage. You bite Crazy Yiuf, but do no damage.
You hit Crazy Yiuf but do no damage. You bite Crazy Yiuf, but do no damage.
Crazy Yiuf hits you with a +3 quarterstaff of chaos!
You hit Crazy Yiuf but do no damage.
Crazy Yiuf hits you with a +3 quarterstaff of chaos.
Crazy Yiuf freezes you.
You hit Crazy Yiuf but do no damage.
Crazy Yiuf hits you with a +3 quarterstaff of chaos!
* * * LOW HITPOINT WARNING * * *
Crazy Yiuf freezes you.
You die...

#....####.........####.
#.......'.........'....
#......##.........####.
#####################.#
#.#. ♣♣♣♣♣### ##.#
#####♣♣♣.♣)...## #.#
#§§§#♣§§♣......###.#
#§g@§§♣♣♣♣......##.#
#§§§#♣♣ ♣♣♣.....#.#
##### ♣####.#.# #.#.#
###.#.# ###
##########.....# #.#
#.........##.### #.#
###.##..####.# #.#
#.##..####.#


You could see Crazy Yiuf.

Vanquished Creatures
  3 adders (D:2)
  A worm (D:2)
  5 ball pythons
  5 endoplasms
  3 giant cockroaches
  3 goblins
  4 hobgoblins
  4 jackals (D:2)
  5 kobolds
  2 quokkas (D:1)
  2 bats (D:2)
  2 frilled lizards
  5 rats
44 creatures vanquished.

Notes
Turn   | Place    | Note
-------+----------+-------------------------------------------
     0 | D:1      | promet the Gnoll Brigand began the quest for the Orb.
     0 | D:1      | Reached XP level 1. HP: 20/20 MP: 1/1
   198 | D:1      | Reached XP level 2. HP: 7/26 MP: 2/2
  1269 | D:2      | Reached XP level 3. HP: 31/31 MP: 3/3
  1615 | D:2      | Reached skill level 1 in Invocations
  1992 | D:2      | Reached skill level 1 in Long Blades
  1992 | D:2      | Reached skill level 1 in Axes
  1992 | D:2      | Reached skill level 1 in Maces & Flails
  1992 | D:2      | Reached skill level 1 in Polearms
  1992 | D:2      | Reached skill level 1 in Staves
  1992 | D:2      | Reached skill level 1 in Ranged Weapons
  1992 | D:2      | Reached skill level 1 in Armour
  1992 | D:2      | Reached skill level 1 in Shields
  1992 | D:2      | Reached skill level 1 in Unarmed Combat
  1992 | D:2      | Reached skill level 1 in Spellcasting
  1992 | D:2      | Reached skill level 1 in Evocations
  2262 | D:2      | Reached XP level 4. HP: 38/38 MP: 5/5
  2311 | D:2      | Found a faded altar of an unknown god.
  2474 | D:2      | Found Visaku's Vocational Training.
  2644 | D:2      | Found a runed translucent door.
  2645 | D:2      | Noticed Crazy Yiuf
  2656 | D:2      | Slain by Crazy Yiuf

Illustrated notes

Levels and vault maps discovered:
D:1:      dpeg_arrival_simpleton_c, layout_basic
D:2:      layout_loops_corners, shapermc_ecumenical_altar_mp_ritualfount,
          minivault_23, nicolae_shop_vocational, uniq_crazy_yiuf_cottage

Skill      XL: |  1  2  3 |
---------------+----------+-----
Invocations    | 1 |  1.2
Long Blades    | 1 |  1.1
Axes           | 1 |  1.1
Maces & Flails | 1 |  1.1
Polearms       | 1 |  1.1
Staves         | 1 |  1.1
Ranged Weapons | 1 |  1.1
Armour         | 1 |  1.1
Shields        | 1 |  1.1
Unarmed Combat | 1 |  1.1
Spellcasting   | 1 |  1.1
Evocations     | 1 |  1.1
Fighting       | |  4.6
Short Blades   | |  4.6
Throwing       | |  4.6
Dodging        | |  2.7
Stealth        | |  7.8
Conjurations   | |  0.9
Hexes          | |  0.9
Summonings     | |  0.9
Necromancy     | |  0.9
Translocations | |  0.9
Transmutations | |  0.9
Fire Magic     | |  0.9
Ice Magic      | |  0.9
Air Magic      | |  0.9
Earth Magic    | |  0.9
Poison Magic   | |  0.9
Shapeshifting  | |  0.9

Action                     |  1- 3 |  4- 6 || total
---------------------------+-------+-------++-------
  Melee: Dagger            |   103 |    15 ||   118
         Bite              |    10 |     4 ||    14
         Maw               |     1 |       ||     1
         Punch             |     1 |       ||     1
  Throw: Stone             |     1 |       ||     1
    Use: Scroll            |     2 |     1 ||     3
   Stab: Sleeping          |    11 |     2 ||    13
 Armour: Robe              |    20 |     3 ||    23
  Dodge: Dodged            |    45 |     3 ||    48
   Form: Maw               |     1 |       ||     1
                           |     1 |       ||     1

Table legend: (Time is in decaauts)
 A = Elapsed time spent in this place.
 B = Non-inter-level travel time spent in this place.
 C = Inter-level travel time spent in this place.
 D = Time resting spent in this place.
 E = Time spent auto-exploring this place.
 F = Levels seen in this place.
 G = Mean time per level.
                   A        B        C        D        E       F      G
               +--------+--------+--------+--------+--------+-----+--------+
         Total |   2629 |   2616 |     13 |    920 |   1039 |   2 | 1314.5 |
       Dungeon |   2629 |   2616 |     13 |    920 |   1039 |   2 | 1314.5 |
               +--------+--------+--------+--------+--------+-----+--------+

Top non-repeatable levels by time:
     D:2: 1378 daAuts
     D:1: 1251 daAuts
